 Dungeon Crawl Stone Soup version 0.30-a0-137-gd8773701ce (webtiles) character file.

Game seed: 2249042432805717510

1931 juncz the Fighter (level 9, -7/70 HPs)
             Began as a Djinni Conjurer on Sept 23, 2022.
             Was a Believer of Makhleb.
             Mangled by an orc knight
             ... wielding a +0 glaive
              (37 damage)
             ... in a bailey.
             The game lasted 00:15:42 (9739 turns).

juncz the Fighter (Djinni Conjurer)                 Turns: 9739, Time: 00:15:43

Health: -7/70      AC:  4    Str:  6    XL:     9   Next: 40%
Gold:   458        EV: 12    Int: 25    God:    Makhleb [**....] SH:  0 Dex: 11

rFire   + + .      SeeInvis .    (no weapon)
rCold   x . .      Faith    .    (no shield)
rNeg    . . .      Spirit   .    a - +0 robe
rPois   ∞          Reflect  .    (no helmet)
rElec   .          Harm     .    r - +0 cloak
rCorr   .          Rampage  .    l - +0 pair of gloves
Will    .....                    (boots unavailable)
Stlth   ++........               (no amulet)
HPRegen 0.21/turn                (no ring)
MPRegen 0.00/turn                (no ring)

@: flying
A: sickness immunity, fire resistance 2, cold vulnerability 1, float, innate
caster, HP casting, extra vitality 1
a: Renounce Religion, Minor Destruction


You were in a bailey.
You worshipped Makhleb.
Makhleb was pleased with you.
You visited 1 branch of the dungeon, and saw 7 of its levels.
You also visited: Bailey.

You collected 458 gold pieces.

Inventory:

Armour
 a - a +0 robe (worn)
 l - a +0 pair of gloves (worn)
 r - a +0 cloak (worn)
Magical Staves
 u - a staff of death
Wands
 q - a wand of charming (3)
Scrolls
 b - a scroll of poison {unknown}
 c - a scroll of acquirement
 d - 2 scrolls of enchant weapon {unknown}
 e - a scroll of fog {unknown}
 i - 2 scrolls of amnesia {unknown}
 n - 6 scrolls of identify {unknown}
 o - 5 scrolls of teleportation {unknown}
 v - 2 scrolls of fear {unknown}
 w - a scroll of enchant armour {unknown}
Potions
 f - 2 potions of mutation {unknown}
 g - 4 potions of lignification {unknown}
 h - 4 potions of curing {unknown}
 j - a potion of attraction {unknown}
 k - 4 potions of heal wounds {unknown}
 m - 2 potions of might {unknown}
 p - 2 potions of berserk rage {unknown}
 s - a potion of flight {unknown}
 t - a potion of ambrosia {unknown}


   Skills:
 + Level 8.2 Fighting
 - Level 2.2 Dodging
 - Level 1.5 Stealth
 + Level 7.2 Spellcasting


You couldn't memorise any spells.
You knew the following spells:

 Your Spells              Type           Power      Damage    Failure   Level
a - Magic Dart            Conj           100%       1d8       1%          1
b - Searing Ray           Conj           90%        2d7       1%          2
c - Dazzling Flash        Conj/Hex       90%        N/A       1%          3
d - Fulminant Prism       Conj/Hex       22%        3d13      3%          4
e - Iskenderun's Mystic   Conj/Tloc      45%        2d10      3%          4
f - Foxfire               Conj/Fire      100%       2x1d9     1%          1
g - Ensorcelled Hibernat  Hex/Ice        90%        N/A       1%          2
h - Confusing Touch       Hex            45%        N/A       1%          3
i - Swiftness             Air            45%        N/A       1%          3
Your spell library was empty.

Dungeon Overview and Level Annotations

Branches:
Dungeon (7/15)             Temple (0/1) D:4          Bailey (1/1)

Altars:
Cheibriados
Fedhas
Makhleb
Nemelex Xobeh
Yredelemnul

Shops:
D:6 (

Annotations:
D:5 2 transporters, scionoferis's ghost, novice NaWr


Innate Abilities, Weirdness & Mutations

You are immune to sickness and miasma.
You are immune to poison.
Your flesh is very heat resistant. (rF++)
You are vulnerable to cold. (rC-)
You float through the air rather than walking.
You learn spells naturally, not from books.
Your magical power is your life essence.
You have superior vitality. (+4 MHP)


Message History

The orc knight goes into a battle-frenzy!
Aiming: Charm
Press: ? - help, Shift-Dir - straight line, f/p - orc knight
Aim: an orc knight, wielding a +0 glaive and wearing a +0 scale mail (strong, chance to affect: 31%)
The orc knight easily resists.
Casting: Foxfire (safe; 1% risk of failure)
Confirm with . or Enter, or press ? or * to list all spells.
You erupt in a blast of force!
The mystic blast hits the orc knight.
The orc knight is lightly wounded.
The orc knight is knocked back by the mystic blast.
The orc knight collides with the orc warrior!
The orc warrior is moderately wounded.
The orc knight is lightly wounded.
The orc knight hits you from afar with a +0 glaive!!
Casting: Iskenderun's Mystic Blast (dangerous; 3% risk of failure)
Confirm with . or Enter, or press ? or * to list all spells.
You erupt in a blast of force!
The mystic blast hits the orc knight!
The orc knight is lightly wounded.
The orc knight is knocked back by the mystic blast.
The orc knight slams into the stone wall!
The mystic blast hits the orc knight!
The orc knight is moderately wounded.
The orc knight is knocked back by the mystic blast.
The orc knight collides with the orc warrior!
The orc knight is moderately wounded.
Casting: Iskenderun's Mystic Blast (dangerous; 3% risk of failure)
Confirm with . or Enter, or press ? or * to list all spells.
You erupt in a blast of force!
The mystic blast hits the orc knight.
The orc knight is lightly wounded.
The orc knight is knocked back by the mystic blast.
The orc knight slams into the stone wall!
The mystic blast hits the orc knight.
The orc knight is moderately wounded.
The orc knight is knocked back by the mystic blast.
The orc knight collides with the orc warrior!
The orc warrior is moderately wounded.
The orc knight is heavily wounded.
The orc knight hits you from afar with a +0 glaive!!!
Ouch! That really hurt!
You die...

#.............#..##)#)##..#.....
#............##.#########.##....
#............##.'.#? #)'.##....
#............##.###.8 ###o##....
#........)...##.'.#oo #.'.##....
#............##o####o####o##....
#............##oo##∩|∩##..#.....
#................##'''#..##.....
#..............@.##.....##......
#......≈≈.≈≈≈....##....##...≈≈≈.
#.....≈≈#.##≈....#######....≈##)
#.....≈##.∩#≈...............≈#∩)
#.....≈#)).)................).).
#.....≈##)##≈...............≈##.
#.....≈≈###≈≈...............≈≈##
#......≈≈≈≈≈.................≈≈≈
#...............................


You could see 2 orc knights and an orc warrior (strong).

Vanquished Creatures
  7 orc warriors (Bailey)
  A phantom (D:5)
  A bullfrog (D:6)
  4 necrophages
  A gnoll sergeant (D:6)
  2 scorpions
  6 killer bees (D:7)
  A jelly (D:4)
  2 hounds (D:6)
  An iguana (D:6)
  Terence (D:3)
  3 orc wizards (D:5)
  3 howler monkey zombies (D:5)
  6 adders
  A shadow imp (D:6)
  3 white imps
  An ufetubus (D:5)
  3 worms
  2 dart slugs
  21 orcs
  7 ball pythons
  10 endoplasms
  7 giant cockroaches
  8 goblins
  6 hobgoblins
  2 jackals (D:3)
  2 kobolds
  7 bats
  3 frilled lizards
  4 rats
  A bush (D:5)
  A fulminant prism (D:5)
128 creatures vanquished.

Vanquished Creatures (others)
  6 foxfires (D:5)
  4 fulminant prisms
  12 plants (D:5)
22 creatures vanquished.

Grand Total: 150 creatures vanquished

Notes
Turn   | Place    | Note
-------+----------+-------------------------------------------
     0 | D:1      | juncz the Djinni Conjurer began the quest for the Orb.
     0 | D:1      | juncz set off with the following spells memorised: Magic
                  | Dart, Searing Ray, Dazzling Flash, Fulminant Prism,
                  | Iskenderun's Mystic Blast.
     0 | D:1      | Reached XP level 1. HP: 15/15 MP: 0/0
   321 | D:1      | Reached XP level 2. HP: 19/22 MP: 0/0
   426 | D:1      | Reached skill level 1 in Fighting
  1099 | D:1      | Reached XP level 3. HP: 21/27 MP: 0/0
  1099 | D:1      | Learned a level 1 spell: Foxfire
  1454 | D:1      | Found a faded altar of an unknown god.
  1661 | D:2      | Found a burning altar of Makhleb.
  1672 | D:2      | Became a worshipper of Makhleb the Destroyer
  2033 | D:2      | Reached skill level 2 in Fighting
  2233 | D:2      | Reached XP level 4. HP: 24/33 MP: 0/0
  3115 | D:3      | Noticed Terence
  3124 | D:3      | Killed Terence
  3800 | D:3      | Found a snail-covered altar of Cheibriados.
  3966 | D:3      | Reached XP level 5. HP: 35/39 MP: 0/0
  3966 | D:3      | Learned a level 2 spell: Ensorcelled Hibernation
  4082 | D:3      | Found a sparkling altar of Nemelex Xobeh.
  4410 | D:4      | Reached * piety under Makhleb
  4674 | D:4      | Reached skill level 3 in Fighting
  4917 | D:4      | Found a staircase to the Ecumenical Temple.
  5249 | D:5      | Entered Level 5 of the Dungeon
  5249 | D:5      | Found a basalt altar of Yredelemnul.
  5297 | D:5      | Reached XP level 6. HP: 40/47 MP: 0/0
  5353 | D:5      | Found a transporter.
  5358 | D:5      | Noticed scionoferis's ghost (novice NaWr)
  5371 | D:5      | Found a transporter.
  5401 | D:5      | Reached skill level 4 in Fighting
  6317 | D:5      | Reached XP level 7. HP: 25/53 MP: 0/0
  6317 | D:5      | Learned a level 3 spell: Confusing Touch
  6772 | D:5      | Found a blossoming altar of Fedhas.
  6876 | D:5      | Reached skill level 5 in Spellcasting
  6901 | D:5      | Reached skill level 5 in Fighting
  7273 | D:6      | Reached XP level 8. HP: 33/60 MP: 0/0
  7749 | D:6      | Found Luwol's Weapon Shop.
  7804 | D:6      | Reached skill level 6 in Fighting
  8316 | D:7      | Found a flagged portal.
  8526 | Bailey   | Entered a bailey
  8542 | Bailey   | Reached ** piety under Makhleb
  8543 | Bailey   | Reached skill level 7 in Fighting
  8548 | Bailey   | Reached XP level 9. HP: 11/68 MP: 0/0
  8548 | Bailey   | Learned a level 3 spell: Swiftness
  9470 | Bailey   | Reached skill level 8 in Fighting
  9707 | Bailey   | Noticed an orc knight
  9708 | Bailey   | Noticed an orc knight
  9739 | Bailey   | Mangled by an orc knight

Illustrated notes

Levels and vault maps discovered:
D:1:      spicycebolla_arrival_xxxplode, layout_basic,
          hellmonk_ecumenical_altar_zigzags, minmay_door_square,
          serial_bayou_crossing
D:2:      cheibrodos_helix_gallery, layout_loops_corners, basic_altar,
          chequers_serial_rivers_micro_d
D:3:      layout_basic, marbit_many_paths, cheibriados_altar_1,
          chequers_serial_rivers_room_b, uniq_terence
D:4:      layout_layer_cave, temple_fountains, reono_crystal_passage
D:5:      layout_loops_ring, fedhas_altar_decomposition, lemuel_tele_altar,
          gammafunk_ghost_arena
D:6:      layout_rooms, serial_shops, nicolae_shop_bloodbath_and_beyond,
          minmay_fractal_squares_5
D:7:      nicolae_cairo_tiling_large, layout_rooms,
          mainiacjoe_overflow_tiny_flanked, zin_purify, enter_bailey_2
Bailey:   bailey_polearm_2, bailey

Skill      XL: |  1  2  3  4  5  6  7  8  9 |
---------------+----------------------------+-----
Fighting       | 1 2 3 4 5 7 8 |  8.2
Spellcasting   | 4 5 6 7 |  7.2
Dodging        | |  2.2
Stealth        | |  1.5

Action                   |  1- 3 |  4- 6 |  7- 9 || total
-------------------------+-------+-------+-------++-------
Melee: Unarmed           |       |       |     3 ||     3
 Cast: Magic Dart        |    85 |    84 |    39 ||   208
       Searing Ray       |       |     2 |       ||     2
       Iskenderun's Myst |       |     6 |    50 ||    56
       Foxfire           |       |     5 |     1 ||     6
       Fulminant Prism   |       |     2 |     3 ||     5
Evoke: Wand              |       |       |     2 ||     2
Armor: Robe              |     3 |     7 |     9 ||    19
Dodge: Dodged            |     5 |    16 |    40 ||    61

Table legend: (Time is in decaauts)
 A = Elapsed time spent in this place.
 B = Non-inter-level travel time spent in this place.
 C = Inter-level travel time spent in this place.
 D = Time resting spent in this place.
 E = Time spent auto-exploring this place.
 F = Levels seen in this place.
 G = Mean time per level.
                   A        B        C        D        E       F      G
               +--------+--------+--------+--------+--------+-----+--------+
         Total |   9737 |   9530 |    207 |   2568 |   6174 |   8 | 1217.1 |
       Dungeon |   8524 |   8317 |    207 |   1668 |   6031 |   7 | 1217.7 |
        Bailey |   1212 |   1212 |      0 |    900 |    143 |   1 | 1212.0 |
               +--------+--------+--------+--------+--------+-----+--------+

Top non-repeatable levels by time:
     D:5: 2309 daAuts
     D:1: 1503 daAuts
     D:3: 1380 daAuts
     D:2: 1312 daAuts
  Bailey: 1212 daAuts
     D:4: 1051 daAuts
     D:6: 742 daAuts
     D:7: 224 daAuts
